 Dungeon Crawl Stone Soup version 0.31-a0-182-gc5ef74bbde (webtiles) character file.

Game seed: 15667334193897638024

2566 frimble the Grappler (level 9, -4/59 HPs)
             Began as an Octopode Warper on June 20, 2023.
             Was a Priest of Cheibriados.
             Killed from afar by an orc wizard (5 damage)
             ... with a puff of flame
             ... on level 7 of the Dungeon.
             The game lasted 00:09:28 (6441 turns).

frimble the Grappler (Octopode Warper)              Turns: 6441, Time: 00:09:29

Health: -4/59      AC:  1    Str: 20    XL:     9   Next: 57%
Magic:  11/12      EV: 15    Int: 24    God:    Cheibriados [***...]
Gold:   391        SH:  6    Dex: 18    Spells: 10/12 levels left

rFire   + .          .
                       - Unarmed
rCold   + . .        n - +0 buckler of Mipsesm {Slay+3}
rNeg    . . .        (helmet restricted)
rPois   +            (no amulet)
rElec   +            (no ring)
rCorr   +            (no ring)
SInv    .            (no ring)
Will    .....        (no ring)
Stlth   ++++         (no ring)
HPRegen 0.29/turn    (no ring)
MPRegen 0.13/turn    (no ring)
                     (no ring)

%: no passive effects
@: lethally poisoned (-4 -> -10), resistant, very slow
A: almost no armour, amphibious, 8 rings, camouflage 1, gelatinous body 1,
(nimble swimmer 1), tentacles
a: Renounce Religion, Bend Time, Temporal Distortion


You were on level 7 of the Dungeon.
You worshipped Cheibriados.
Cheibriados was most pleased with you.
You visited 2 branches of the dungeon, and saw 9 of its levels.

You collected 391 gold pieces.

Inventory:

Missiles
 b - 2 boomerangs of dispersal
 f - 4 boomerangs (quivered)
Armour
 n - the +0 buckler of Mipsesm (worn) {Slay+3}
   (You acquired it on level 5 of the Dungeon)

   Slay:      It affects your accuracy & damage with ranged weapons and melee
   (+3).
Wands
 a - a wand of quicksilver (4)
 l - a wand of iceblast (2)
Scrolls
 h - 2 scrolls of revelation
Potions
 c - a potion of mutation
 e - a potion of enlightenment
 g - a potion of resistance
 i - a potion of magic
 j - 2 potions of curing


   Skills:
 - Level 4.3 Fighting
 - Level 1.0 Throwing
 - Level 4.5 Dodging
 - Level 3.5 Stealth
 + Level 5.9 Shields
 + Level 9.1 Unarmed Combat
 - Level 2.0 Spellcasting
 - Level 3.0 Translocations
 - Level 2.6 Evocations


You had 10 spell levels left.
You knew the following spells:

 Your Spells              Type           Power      Damage    Failure   Level
a - Blink                 Tloc           32%        N/A       6%          2

Your spell library contained the following spells:

 Spells                   Type           Power      Damage    Failure   Level
 Lesser Beckoning         Tloc           32%        N/A       6%          2
 Gell's Gravitas          Tloc           16%        N/A       12%         3
 Teleport Other           Tloc           16%        N/A       12%         3
 Slow                     Hex            8%         N/A       14%         1
 Sublimation of Blood     Necr           2%         N/A       22%         2
 Wereblood                Tmut           2%         N/A       22%         2
 Portal Projectile        Hex/Tloc       18%        N/A       22%         3
 Vhi's Electric Charge    Tloc/Air       18%        N/A       22%         3
 Call Canine Familiar     Summ           2%         N/A       38%         3
 Confusing Touch          Hex            2%         N/A       38%         3
 Vampiric Draining        Necr           2%         2d6       38%         3
 Manifold Assault         Tloc           16%        N/A       38%         4
 Leda's Liquefaction      Hex/Erth       1%         N/A       80%         4
 Summon Hydra             Summ           1%         N/A       100%        7


Dungeon Overview and Level Annotations

Branches:
Dungeon (8/15)             Temple (1/1) D:4
   Lair: D:8-11

Altars:
Ashenzari
Cheibriados
Elyvilon
Fedhas
Gozag
Hepliaklqana
Kikubaaqudgha
Makhleb
Okawaru
Trog
Uskayaw
Vehumet
Wu Jian
Xom
Yredelemnul
Zin
The Shining One

Shops:
D:4 **

Annotations:
D:8 Gastronok


Innate Abilities, Weirdness & Mutations

You cannot wear most types of armour.
You are amphibious.
You can wear up to eight rings at the same time.
Your skin changes colour to match your surroundings (Stealth+).
Your rubbery body absorbs attacks. (AC +1, EV +1)
((You are camouflaged when in or above water. (Stealth+)))
You have tentacles for arms and can constrict up to eight enemies at once.


Message History

Okay, then.
Unknown command.
As you read the scroll of fog, it dissolves into smoke.
You block the orc's attack.
You bludgeon the orc!
You kill the orc!
Cheibriados appreciates the change of pace.
The orc wizard shouts!
You hear an angry buzzing noise.
A killer bee comes into view.
You tentacle-slap the orc but do no damage.
You grab the orc. You squeeze the orc!
You kill the orc!
Cheibriados appreciates the change of pace.
You bludgeon the killer bee! Your grab misses the killer bee.
Your squeeze misses the killer bee.
The killer bee is almost dead.
The killer bee stings you.
* * * LOW HITPOINT WARNING * * *
The killer bee stings you.
* * * LOW HITPOINT WARNING * * *
You block the orc wizard's attack.
You barely miss the killer bee. Your grab misses the killer bee.
Your squeeze misses the killer bee.
The killer bee is almost dead.
A killer bee comes into view.
The killer bee stings you.
* * * LOW HITPOINT WARNING * * *
You are lethally poisoned!
The killer bee poisons you!
The killer bee buzzes angrily.
You bludgeon the orc wizard! You grab the orc wizard.
The orc wizard is severely wounded.
You constrict the orc wizard, but do no damage.
* * * LOW HITPOINT WARNING * * *
You feel sick.
You hear an angry buzzing noise.
You block the killer bee's attack.
The orc wizard gestures at you while chanting.
The puff of flame hits you. You resist.
You die...

.....y.....
.........
.......#
...o..#
#.§.§.#
#§§§§§#
#§§yoy#
#§§@)§#
#######


You could see 2 killer bees and an orc wizard.

Vanquished Creatures
  Sigmund (D:2)
  A wyvern (D:8)
  A steam dragon (D:8)
  Menkaure (D:4)
  A water moccasin (D:8)
  An orc warrior (D:6)
  4 ogres
  A centaur (D:7)
  4 bullfrogs
  A kobold brigand (D:8)
  A scorpion (D:6)
  4 wights (D:6)
  2 vampire bats (D:5)
  A jelly (D:5)
  A gnoll bouda (D:8)
  4 orc priests
  4 sleepcaps
  3 iguanas
  4 orc wizards
  5 gnolls (D:8)
  9 adders
  A white imp (D:4)
  An ufetubus (D:6)
  A worm (D:2)
  2 dart slugs
  22 orcs
  4 endoplasms
  4 giant cockroaches
  13 hobgoblins
  12 jackals
  3 quokkas
  2 ball pythons
  15 bats
  4 frilled lizards
  7 goblins
  11 kobolds
  5 rats
161 creatures vanquished.

Notes
Turn   | Place    | Note
-------+----------+-------------------------------------------
     0 | D:1      | frimble the Octopode Warper began the quest for the Orb.
     0 | D:1      | Reached XP level 1. HP: 14/14 MP: 3/3
   132 | D:1      | Reached XP level 2. HP: 9/19 MP: 5/5
   246 | D:1      | Reached skill level 3 in Unarmed Combat
   427 | D:1      | Reached XP level 3. HP: 24/24 MP: 6/6
  1104 | D:2      | Noticed Sigmund
  1113 | D:2      | Killed Sigmund
  1114 | D:2      | Reached skill level 5 in Unarmed Combat
  1114 | D:2      | Reached XP level 4. HP: 7/29 MP: 7/7
  1114 | D:2      | Reached XP level 5. HP: 8/34 MP: 8/8
  1444 | D:2      | Learned a level 2 spell: Blink
  1598 | D:3      | Reached skill level 6 in Unarmed Combat
  1679 | D:3      | Reached XP level 6. HP: 39/39 MP: 9/9
  2144 | D:3      | Identified the +4 dagger of the Black Skies {protect,
                  | Stlth+}
  2179 | D:3      | Found a hide-covered altar of Uskayaw.
  2242 | D:4      | Found Ywuir's Lightly-Used Armoury.
  2257 | D:4      | Found a shimmering altar of Xom.
  2434 | D:4      | Reached skill level 7 in Unarmed Combat
  2485 | D:4      | Noticed Menkaure
  2493 | D:4      | Killed Menkaure
  2494 | D:4      | Reached XP level 7. HP: 9/46 MP: 10/10
  2723 | D:4      | Found Gozag's Platinum Reserve.
  2723 | D:4      | Found an opulent altar of Gozag.
  2920 | D:4      | Found a bloodstained altar of Trog.
  3213 | D:4      | Found a staircase to the Ecumenical Temple.
  3221 | Temple   | Entered the Ecumenical Temple
  3251 | Temple   | Became a worshipper of Cheibriados the Contemplative
  3330 | D:5      | Entered Level 5 of the Dungeon
  3347 | D:5      | Reached skill level 1 in Stealth
  3457 | D:5      | Reached skill level 1 in Evocations
  3562 | D:5      | Reached * piety under Cheibriados
  3563 | D:5      | Reached XP level 8. HP: 43/54 MP: 11/11
  4294 | D:5      | Identified a scroll of acquirement
  4294 | D:5      | Acquired the +0 buckler of Mipsesm {Slay+3}
  4387 | D:6      | Found an ornate altar of the Wu Jian Council.
  4500 | D:6      | Reached skill level 1 in Shields
  4583 | D:6      | Found a burning altar of Makhleb.
  4583 | D:6      | Noticed a green death
  4587 | D:6      | Noticed a smoke demon
  4587 | D:6      | Noticed a ynoxinul
  4703 | D:6      | Reached ** piety under Cheibriados
  5142 | D:6      | Reached skill level 8 in Unarmed Combat
  5142 | D:6      | Reached XP level 9. HP: 48/59 MP: 12/12
  5856 | D:8      | Noticed Gastronok
  5894 | D:8      | Reached skill level 5 in Shields
  6251 | D:8      | Reached *** piety under Cheibriados
  6252 | D:8      | Reached skill level 9 in Unarmed Combat
  6377 | D:8      | Found an iron altar of Okawaru.
  6441 | D:7      | HP: 1/59 [poisoned by a killer bee]
  6441 | D:7      | Killed from afar by an orc wizard

Illustrated notes

Levels and vault maps discovered:
D:1:      roderic_octagonal_star, layout_rooms
D:2:      layout_basic, uniq_sigmund
D:3:      corexii_shack_village, layout_basic, overflow_temple_1_default
D:4:      layout_cave_pools, nicolae_gozag_zags_fifth_avenue,
          mainiacjoe_overflow_cross_hatched, trog_book,
          minmay_temple_entry_hall, minivault_5, minmay_shop_damaged,
          uniq_menkaure
D:5:      layout_loops_ring, roderic_batcave
D:6:      layout_loops_ring, makhleb_altar_promises_db,
          nicolae_overflow_hidden_temple, dreamdust_princess_bridge,
          nicolae_lava_and_water, chequers_serial_rivers_marsh
D:7:      layout_basic, mainiacjoe_overflow_swirl, minmay_circle_x
D:8:      layout_cave_pools, kennysheep_mini_moat, nicolae_hexahallways,
          hangedman_abyss_or_decor_lesser_grid, uniq_gastronok
Temple:   chequers_temple_sunken

Skill      XL: |  1  2  3  4  5  6  7  8  9 |
---------------+----------------------------+-----
Unarmed Combat | 3 5 6 7 8 9 |  9.1
Fighting       | 3 4 |  4.3
Dodging        | 3 4 |  4.5
Stealth        | 2 3 |  3.5
Evocations     | 1 2 |  2.6
Shields        | 4 5 |  5.9
Throwing       | |  1.0
Spellcasting   | |  2.0
Translocations | |  3.0

Action                     |  1- 3 |  4- 6 |  7- 9 || total
---------------------------+-------+-------+-------++-------
  Melee: Unarmed           |    84 |    93 |   201 ||   378
         Constrict         |    23 |    22 |    52 ||    97
         Tentacles         |    16 |    18 |    52 ||    86
         Punch             |       |     8 |    13 ||    21
  Throw: Boomerang         |       |     9 |    40 ||    49
   Cast: Blink             |       |     1 |     8 ||     9
  Evoke: Wand              |       |       |     5 ||     5
    Use: Scroll            |     1 |     8 |    10 ||    19
         Potion            |       |     1 |     4 ||     5
   Stab: Sleeping          |     5 |     5 |    10 ||    20
         Distracted        |       |       |     1 ||     1
 Armour: Skin              |     6 |     5 |    11 ||    22
  Dodge: Dodged            |    36 |    60 |   105 ||   201
  Block: Buckler           |       |       |    44 ||    44

Table legend: (Time is in decaauts)
 A = Elapsed time spent in this place.
 B = Non-inter-level travel time spent in this place.
 C = Inter-level travel time spent in this place.
 D = Time resting spent in this place.
 E = Time spent auto-exploring this place.
 F = Levels seen in this place.
 G = Mean time per level.
                   A        B        C        D        E       F      G
               +--------+--------+--------+--------+--------+-----+--------+
         Total |   7192 |   6951 |    241 |     56 |   5708 |   9 |  799.1 |
       Dungeon |   7139 |   6931 |    208 |     56 |   5692 |   8 |  892.4 |
        Temple |     53 |     20 |     33 |      0 |     16 |   1 |   53.0 |
               +--------+--------+--------+--------+--------+-----+--------+

Top non-repeatable levels by time:
     D:6: 1453 daAuts
     D:5: 1296 daAuts
     D:4: 1044 daAuts
     D:2: 800 daAuts
     D:8: 731 daAuts
     D:1: 725 daAuts
     D:3: 707 daAuts
     D:7: 380 daAuts
  Temple: 53 daAuts
